 Dungeon Crawl Stone Soup version 0.18.1-5-g4a78601 (webtiles) character file.

1767 sirbaton the Basher (level 8, -3/75 HPs)
             Began as a Troll Berserker on May 9, 2016.
             Was an Elder of Trog.
             Killed from afar by an electric eel (10 damage)
             ... with a bolt of electricity
             ... on level 6 of the Dungeon.
             The game lasted 00:24:41 (4947 turns).

sirbaton the Basher (Troll Berserker)               Turns: 4947, Time: 00:24:42

Health: -3/75      AC: 11    Str: 28    XL:     8   Next: 80%
Magic:  7/7        EV: 10    Int:  3    God:    Trog [****..]
Gold:   303        SH:  0    Dex:  9    Spells: 0 memorised, 7 levels left

rFire  . . .     SeeInvis .     m - +1 flail (protect)
rCold  . . .     Gourm    +     b - +0 animal skin
rNeg   . . .     Faith    .     (no shield)
rPois  .         Spirit   .     (helmet restricted)
rElec  .         Dismiss  .     D - +0 cloak
rCorr  .         Reflect  .     (gloves unavailable)
SustAt .         Harm     .     (boots unavailable)
MR     .....                    (no amulet)
Stlth  +.........               (no ring)
                                (no ring)

@: not resistant to hostile enchantments, very unstealthy
A: unfitting armour, claws 3, fast metabolism 3, gourmand, regeneration 2,
shaggy fur 1, tough skin 2
a: Berserk, Trog's Hand, Brothers in Arms, Burn Spellbooks, Renounce Religion


You were on level 6 of the Dungeon.
You worshipped Trog.
Trog was greatly pleased with you.
You were not hungry.

You visited 1 branch of the dungeon, and saw 8 of its levels.

You collected 303 gold pieces.

Inventory:

Hand Weapons
 a - a +0 mace
 m - a +1 flail of protection (weapon)
Missiles
 f - 266 stones (quivered)
Armour
 b - a +0 animal skin (worn)
 w - a +0 large shield
 D - a +0 cloak (worn)
Wands
 u - a wand of iceblast (6/15)
Scrolls
 e - 7 scrolls of identify {unknown}
 g - 6 scrolls of teleportation {unknown}
 j - 2 scrolls of magic mapping {unknown}
 k - 2 scrolls of enchant weapon {unknown}
 l - a scroll of noise {unknown}
 p - 4 scrolls of remove curse {unknown}
 q - a scroll of blinking
 t - a scroll of immolation {unknown}
 v - 3 scrolls of fear {unknown}
 x - a scroll of random uselessness {unknown}
 y - 4 scrolls of amnesia {unknown}
 B - a scroll of recharging {unknown}
 F - a scroll of summoning {unknown}
Potions
 d - 5 potions of degeneration {unknown}
 n - a potion of magic {unknown}
 o - 2 potions of agility {unknown}
 r - 3 potions of berserk rage {unknown}
 s - 2 potions of cancellation {unknown}
 z - 2 potions of might {unknown}
 A - a potion of heal wounds {unknown}
 C - a potion of ambrosia {unknown}
Comestibles
 c - 5 bread rations
 h - 3 meat rations
 i - 2 fruits
 E - a slice of pizza
 G - a beef jerky


   Skills:
 - Level 3.3 Fighting
 + Level 10.4 Maces & Flails
 - Level 2.4 Dodging


You had 7 spell levels left.
You didn't know any spells.

Dungeon Overview and Level Annotations

Branches:
Dungeon (8/15)             Temple (0/1) D:7
   Lair: D:8-11

Altars:
Ashenzari
Elyvilon
Gozag
Vehumet
Zin

Shops:
D:2 *

Annotations:
D:3 1 runed door


Innate Abilities, Weirdness & Mutations

You are too large for most types of armour.
You have claws for hands.
Your metabolism is lightning-fast.
You like to eat raw meat.
You heal very quickly.
You are covered in fur (AC +1).
You have very tough skin (AC +2).


Message History

The electric eel shoots out a bolt of lightning at you!
The bolt of electricity hits you! The bolt of electricity misses you.
The bolt of electricity hits the electric eel.
The electric eel completely resists.
The bolt of electricity hits the plant.
You completely miss the electric eel.
The electric eel shoots out a bolt of lightning at you!
The bolt of electricity hits you!
* * * LOW HITPOINT WARNING * * *
The electric eel shoots out a bolt of lightning at you!
The bolt of electricity hits you!
* * * LOW HITPOINT WARNING * * *
You thump the electric eel!
The electric eel is heavily wounded.
The electric eel shoots out a bolt of lightning at you!
The bolt of electricity hits the electric eel.
The electric eel completely resists.
The bolt of electricity hits you!
* * * LOW HITPOINT WARNING * * *
The electric eel shoots out a bolt of lightning at you!
The bolt of electricity hits you!
You die...

.##.## ≈≈≈..≈≈≈≈≈≈≈♣ ############
'##.##♣P≈≈..≈≈≈≈≈≈≈###......#.###
.#....#♣≈...≈≈P≈PP..#.>..........
.#....'.≈...≈≈≈≈P≈..#...#..#.....
.#....#.....≈≈≈≈≈♣.##...#........
.#....##....≈≈≈≈≈♣.##...#........
.##...######♣≈≈≈;..##..##...###..
.##...# ...♣≈≈P;..##..##...# ##.
.###'###.....≈≈≈@...........####.
......#.......≈..............##..
......#............##............
......#...........)##....###.....
.##...##...........#.)...# ##...#
.#######...........#....(## ##..#
.'....+............#......###...#
.##...#.......<....#.......#.....
.###+###......#..................


You could see 2 electric eels.

Vanquished Creatures
  Prince Ribbit (D:7)
  An orc warrior (D:6)
  2 ice beasts
  A phantom (D:7)
  3 centaurs
  A big kobold (D:7)
  A water moccasin zombie (D:6)
  A water moccasin skeleton (D:4)
  A jelly (D:5)
  2 giant frog skeletons
  A hound (D:5)
  3 orc wizards
  3 centaur skeletons
  4 iguanas
  Natasha (thrice) (D:2)
  2 worker ants (D:5)
  11 gnolls
  3 adders
  A shadow imp (D:4)
  A worm (D:2)
  5 dart slugs
  A giant gecko (D:1)
  20 orcs
  4 ball pythons
  6 giant cockroaches
  6 goblins
  6 hobgoblins
  13 jackals
  3 quokkas
  5 bats
  7 giant newts
  12 kobolds
  5 rats
139 creatures vanquished.

Notes
Turn   | Place    | Note
--------------------------------------------------------------
     0 | D:1      | sirbaton the Troll Berserker began the quest for the Orb.
     0 | D:1      | Reached XP level 1. HP: 22/22 MP: 0/0
    97 | D:1      | Reached XP level 2. HP: 29/29 MP: 1/1
   107 | D:1      | Reached skill level 3 in Maces & Flails
   399 | D:1      | Reached ** piety under Trog
   404 | D:1      | Reached XP level 3. HP: 31/37 MP: 2/2
   742 | D:2      | Reached XP level 4. HP: 45/45 MP: 3/3
   745 | D:2      | Noticed Natasha
   754 | D:2      | Killed Natasha
   787 | D:2      | Found a glowing silver altar of Zin.
   809 | D:2      | Reached skill level 4 in Maces & Flails
   866 | D:2      | Found Gozag's Platinum Reserve.
   866 | D:2      | Found an opulent altar of Gozag.
  1062 | D:2      | Noticed Natasha
  1079 | D:2      | Killed Natasha
  1117 | D:2      | Noticed Natasha
  1130 | D:2      | Killed Natasha
  1130 | D:2      | Reached XP level 5. HP: 49/53 MP: 4/4
  1198 | D:2      | Found a faded altar to an unknown god.
  1341 | D:3      | Reached skill level 5 in Maces & Flails
  1346 | D:3      | Reached *** piety under Trog
  1499 | D:3      | Found a white marble altar of Elyvilon.
  1500 | D:3      | Found a runed door.
  1500 | D:3      | Noticed an angel
  2122 | D:4      | Reached XP level 6. HP: 56/61 MP: 5/5
  2239 | D:4      | Reached skill level 6 in Maces & Flails
  3038 | D:5      | Entered Level 5 of the Dungeon
  3136 | D:5      | Reached skill level 7 in Maces & Flails
  3136 | D:5      | Reached XP level 7. HP: 22/67 MP: 6/6
  3227 | D:5      | Found a shattered altar of Ashenzari.
  3628 | D:5      | Reached skill level 8 in Maces & Flails
  4014 | D:6      | You fall through a shaft for 2 floors!
  4040 | D:7      | Reached XP level 8. HP: 22/75 MP: 7/7
  4127 | D:7      | Noticed Prince Ribbit
  4140 | D:7      | Killed Prince Ribbit
  4140 | D:7      | Reached skill level 9 in Maces & Flails
  4202 | D:7      | Found a staircase to the Ecumenical Temple.
  4219 | D:7      | Reached **** piety under Trog
  4672 | D:7      | Reached skill level 10 in Maces & Flails
  4879 | D:6      | Found a radiant altar of Vehumet.
  4947 | D:6      | Killed from afar by an electric eel

Skill      XL: |  1  2  3  4  5  6  7  8 |
---------------+-------------------------+-----
Maces & Flails | 3 4 5 7 8 10 | 10.4
Fighting       | 3 |  3.3
Dodging        | |  2.4

Action                   |  1- 3 |  4- 6 |  7- 9 || total
-------------------------+-------+-------+-------++-------
Melee: Mace              |   113 |   253 |   160 ||   526
       Flail             |       |       |    53 ||    53
Throw: Stone             |       |       |     4 ||     4
Invok: Berserk           |     1 |     1 |     7 ||     9
       Trog's Hand       |       |     1 |       ||     1
  Use: Scroll            |       |       |     1 ||     1
 Stab: Sleeping          |     1 |       |       ||     1
  Eat: Chunk             |    14 |    24 |    19 ||    57
Armor: Animal skin       |    46 |    81 |    44 ||   171
Dodge: Dodged            |    65 |   156 |   105 ||   326
